 Dungeon Crawl Stone Soup version 0.19-a0-944-gb338e1e (webtiles) character file.

245 Kold the Slasher (level 5, -7/41 HPs)
             Began as a Demonspawn Berserker on July 10, 2016.
             Was a Believer of Trog.
             Mangled by Kold's ghost (12 damage)
             ... on level 3 of the Dungeon.
             The game lasted 00:04:04 (1837 turns).

Kold the Slasher (Demonspawn Berserker)             Turns: 1837, Time: 00:04:05

Health: -7/41      AC:  3    Str: 17    XL:     5   Next: 83%
Magic:  5/5        EV: 12    Int:  8    God:    Trog [**....]
Gold:   79         SH:  0    Dex: 14    Spells: 0 memorised, 4 levels left

rFire  . . .     SeeInvis .     a - +0 falchion
rCold  + . .     Gourm    .     b - +0 animal skin
rNeg   . . .     Faith    +     (no shield)
rPois  .         Spirit   .     (no helmet)
rElec  .         Dismiss  .     (no cloak)
rCorr  .         Reflect  .     e - +0 pair of gloves
SustAt .         Harm     .     (no boots)
MR     ++...                    s - amulet of faith
Stlth  ..........               (no ring)
                                f - ring of loudness (curse)

@: regenerating, very resistant to hostile enchantments, extremely unstealthy
A: claws 1, cold resistance 1
a: Berserk, Trog's Hand, Burn Spellbooks, Renounce Religion


You were on level 3 of the Dungeon.
You worshipped Trog.
Trog was pleased with you.
You were hungry.

You visited 1 branch of the dungeon, and saw 3 of its levels.

You collected 79 gold pieces.

Inventory:

Hand Weapons
 a - a +0 falchion (weapon)
Armour
 b - a +0 animal skin (worn)
 e - a +0 pair of gloves (worn)
 j - a +0 leather armour
Jewellery
 f - a cursed ring of loudness (left hand)
 s - an amulet of faith (around neck)
Scrolls
 k - 2 scrolls of teleportation {unknown}
 u - a scroll of blinking {unknown}
Potions
 d - a potion of magic {unknown}
 h - 2 potions of degeneration {unknown}
 l - a potion of lignification {unknown}
 m - 3 potions of curing {unknown}
 o - 2 potions of heal wounds {unknown}
 p - a potion of cancellation {unknown}
 q - a potion of flight {unknown}
 r - a potion of might {unknown}
Comestibles
 c - 3 bread rations
 g - a slice of pizza
 i - 2 meat rations
 n - 4 fruits
 t - a chunk of flesh


   Skills:
 - Level 3.0 Fighting
 + Level 6.0 Long Blades
 - Level 1.7 Armour
 - Level 1.8 Dodging


You had 4 spell levels left.
You didn't know any spells.

Dungeon Overview and Level Annotations

Branches:
Dungeon (3/15)

Altars:
Dithmenos

Annotations:
D:3 Kold's ghost, amateur DsBe


Innate Abilities, Weirdness & Mutations

You have sharp fingernails.
Your flesh is cold resistant. (rC+)


Message History

You hit Kold's ghost but do no damage.
Kold's ghost is moderately damaged.
Kold's ghost hits you!
* * * LOW HITPOINT WARNING * * *
You hit Kold's ghost.
Kold's ghost is heavily damaged.
Kold's ghost closely misses you.
You riposte.
You barely miss Kold's ghost.
Kold's ghost is heavily damaged.
You closely miss Kold's ghost.
Kold's ghost is heavily damaged.
Kold's ghost hits you.
* * * LOW HITPOINT WARNING * * *
You hit Kold's ghost.
Kold's ghost is heavily damaged.
Kold's ghost hits you.
* * * LOW HITPOINT WARNING * * *
Your skin crawls.
You feel resistant to hostile enchantments.
You feel somewhat more hungry. Kold's ghost hits you!
You die...

#...## #....##
#..##..##
..... ##).##
#.....
##..########
.....
#.........#
.....
#.........#
[...
#...W...>.#
#...@.....#
#.........#
.............#
..##.........#
.. ###########
.


You could see Kold's ghost.

Vanquished Creatures
  Grinder (D:3)
  An adder (D:2)
  5 dart slugs
  4 giant cockroaches
  5 goblins
  4 hobgoblins
  10 kobolds
  A ball python (D:2)
  4 bats
  A giant newt (D:1)
  5 rats
41 creatures vanquished.

Notes
Turn   | Place    | Note
-------+----------+-------------------------------------------
     0 | D:1      | Kold the Demonspawn Berserker began the quest for the Orb.
     0 | D:1      | Reached XP level 1. HP: 18/18 MP: 1/1
    30 | D:1      | Reached skill level 3 in Long Blades
    37 | D:1      | Gained mutation: Your flesh is cold resistant. (rC+) [demonic ancestry]
    37 | D:1      | Reached XP level 2. HP: 13/24 MP: 2/2
   690 | D:2      | Found a shadowy altar of Dithmenos.
   739 | D:2      | Reached XP level 3. HP: 25/29 MP: 3/3
   843 | D:2      | Reached ** piety under Trog
   949 | D:2      | Reached skill level 4 in Long Blades
  1305 | D:3      | Noticed Grinder
  1315 | D:3      | Killed Grinder
  1315 | D:3      | Reached skill level 6 in Long Blades
  1315 | D:3      | Gained mutation: You have sharp fingernails. [demonic ancestry]
  1315 | D:3      | Reached XP level 4. HP: 8/35 MP: 4/4
  1315 | D:3      | Reached XP level 5. HP: 9/41 MP: 5/5
  1342 | D:3      | Noticed Kold's ghost (amateur DsBe)
  1567 | D:3      | Noticed an ice beast
  1837 | D:3      | Mangled by Kold's ghost

Vault maps used:
D:1:      dpeg_arrival_round_a
D:2:      overflow_temple_1_default
D:3:      lemuel_crystal_altar, led_xom_imps, kennysheep_generic_room_10,
          uniq_grinder

Skill      XL: |  1  2  3 |
---------------+----------+-----
Long Blades    | 3 6 |  6.0
Fighting       | |  3.0
Armour         | |  1.7
Dodging        | |  1.8

Action                   |  1- 3 |  4- 6 || total
-------------------------+-------+-------++-------
Melee: Falchion          |   125 |    31 ||   156
Invok: Berserk           |     1 |       ||     1
       Trog's Hand       |       |     1 ||     1
  Eat: Chunk             |     1 |       ||     1
       Fruit             |       |     1 ||     1
       Pizza             |       |     1 ||     1
Armor: Animal skin       |    15 |     2 ||    17
Dodge: Dodged            |    66 |    13 ||    79
